 Dungeon Crawl Stone Soup version 0.26-a0-188-ga22346179c (webtiles) character file.

Game seed: 17503547521820185422

221 p0wl the Cudgeler (level 5, -9/45 HPs)
             Began as a Minotaur Fighter on July 4, 2020.
             Killed by nerve-wracking pain
             ... invoked by Grinder
              (11 damage)
             ... on level 3 of the Dungeon.
             The game lasted 00:05:02 (2468 turns).

p0wl the Cudgeler (Minotaur Fighter)                Turns: 2468, Time: 00:05:02

Health: -9/45      AC:  6    Str: 20    XL:     5   Next: 65%
Magic:  4/4        EV:  7    Int:  5    God:
Gold:   91         SH:  9    Dex: 11    Spells: 4/4 levels left

rFire    . . .     SeeInvis .   a - +0 flail
rCold    . . .     Faith    .   c - +0 kite shield
rNeg     . . .     Spirit   .   b - +0 scale mail
rPois    .         Reflect  .   (helmet restricted)
rElec    .         Harm     .   (no cloak)
rCorr    .                      (no gloves)
MR       .....                  (no boots)
Stlth    ..........             (no amulet)
HPRegen  0.15/turn              (no ring)
MPRegen  0.09/turn              (no ring)

@: no status effects
A: retaliatory headbutt, horns 2
a: no special abilities


You were on level 3 of the Dungeon.
You were not hungry.

You visited 1 branch of the dungeon, and saw 3 of its levels.

You collected 91 gold pieces.

Inventory:

Hand Weapons
 a - a +0 flail (weapon)
 e - a +2 hunting sling of freezing
Armour
 b - a +0 scale mail (worn)
 c - a +0 kite shield (worn)
Jewellery
 g - an uncursed ring of magical power {unknown}
Scrolls
 j - a scroll of enchant weapon
Comestibles
 d - 3 chunks of flesh
 f - a ration


   Skills:
 - Level 3.6 Fighting
 + Level 7.2 Maces & Flails
 - Level 3.6 Armour
 - Level 3.6 Shields


You had 4 spell levels left.
You didn't know any spells.
Your spell library was empty.

Dungeon Overview and Level Annotations

Branches:
Dungeon (3/15)

Altars:
Vehumet

Annotations:
D:3 Grinder, Natasha


Innate Abilities, Weirdness & Mutations

You reflexively headbutt those who attack you in melee.
You have a pair of horns on your head.


Message History

Grinder is heavily wounded.
Grinder gestures at you.
You suddenly lose the ability to move!
Grinder gestures at you. You resist with significant effort.
Grinder blinks!
Grinder hits you but does no damage.
You can move again.
You barely miss Grinder.
Grinder is heavily wounded.
Grinder hits you!
* * * LOW HITPOINT WARNING * * *
You sock Grinder!
Grinder is almost dead.
Grinder blinks!
Grinder gestures at you. You resist with significant effort.
Grinder gestures at you. Pain shoots through your body!
You die...

..# #.# #.# ≈≈ #.# .≈ #.# ≈≈≈
#.# ######## ≈≈≈ #.# #.......
≈≈≈###### #.# #.######
.≈≈.....########@# ###.#
≈≈≈.###)))))(..5(#######...####
≈≈..(.)÷#######........#≈≈≈≈≈≈#
≈≈.≈.....≈##
#..#######...######
≈≈≈.###5.≈..#
#.................. ≈≈≈.
#..≈.≈.##............######
≈≈≈. ...≈≈(..#..#####.##..#
≈≈≈.
...≈.......#####.##..######
≈≈≈.
...≈.......................


You could see Grinder.

Vanquished Creatures
  A hound (D:2)
  An orc wizard (D:3)
  Terence (D:3)
  Robin (D:3)
  3 adders
  2 oozes
  A dart slug (D:2)
  4 leopard geckos (D:1)
  An orc (D:3)
  A ball python (D:3)
  5 giant cockroaches
  15 goblins
  12 hobgoblins
  5 jackals
  11 kobolds
  2 quokkas (D:3)
  4 bats
  3 frilled lizards
  8 rats
81 creatures vanquished.

Vanquished Creatures (others)
  An orc priest (D:3)
  2 orcs (D:3)
  A bat (D:3)
4 creatures vanquished.

Grand Total: 85 creatures vanquished

Notes
Turn   | Place    | Note
-------+----------+-------------------------------------------
     0 | D:1      | p0wl the Minotaur Fighter began the quest for the Orb.
     0 | D:1      | Reached XP level 1. HP: 19/19 MP: 0/0
    45 | D:1      | Reached skill level 3 in Maces & Flails
    45 | D:1      | Reached XP level 2. HP: 24/26 MP: 1/1
   152 | D:1      | Reached skill level 4 in Maces & Flails
   285 | D:1      | Reached XP level 3. HP: 20/31 MP: 2/2
  1041 | D:2      | Reached skill level 5 in Maces & Flails
  1041 | D:2      | Reached XP level 4. HP: 39/39 MP: 3/3
  1687 | D:3      | Reached skill level 6 in Maces & Flails
  1694 | D:3      | Noticed Terence
  1712 | D:3      | Killed Terence
  1712 | D:3      | Reached XP level 5. HP: 20/45 MP: 4/4
  1713 | D:3      | Found a radiant altar of Vehumet.
  1922 | D:3      | Noticed Natasha
  1946 | D:3      | HP: 2/45 [Natasha (6)]
  2347 | D:3      | Noticed Grinder
  2375 | D:3      | Reached skill level 7 in Maces & Flails
  2384 | D:3      | Noticed Robin
  2387 | D:3      | Paralysed by Grinder for 5 turns
  2435 | D:3      | Paralysed by Grinder for 4 turns
  2439 | D:3      | Killed Robin
  2445 | D:3      | Paralysed by Grinder for 4 turns
  2452 | D:3      | Paralysed by Grinder for 7 turns
  2459 | D:3      | HP: 1/45 [Grinder (8)]
  2468 | D:3      | Killed from afar by Grinder

Illustrated notes

Levels and vault maps discovered:
D:1:      roderic_chinese_lattice_arrival, layout_loops_ring
D:2:      layout_loops_corners
D:3:      layout_loops_ring, fiery_altar_vehumet, serial_rivers,
          chequers_serial_rivers_micro_b, chequers_serial_rivers_room_a,
          chequers_serial_rivers_large_a, chequers_serial_rivers_micro_e,
          chequers_serial_rivers_micro_c, chequers_serial_rivers_small_b,
          uniq_grinder, uniq_terence, uniq_natasha, uniq_robin

Skill      XL: |  1  2  3  4  5 |
---------------+----------------+-----
Maces & Flails | 3 4 5 6 7 |  7.2
Fighting       | |  3.6
Armour         | |  3.6
Shields        | |  3.6

Action                   |  1- 3 |  4- 6 || total
-------------------------+-------+-------++-------
Melee: Flail             |    78 |   143 ||   221
       Headbutt          |    10 |    15 ||    25
  Use: Scroll            |     2 |     5 ||     7
       Potion            |     2 |     1 ||     3
  Eat: Chunk             |       |     3 ||     3
       Ration            |       |     1 ||     1
Armor: Scale mail        |    31 |    73 ||   104
Dodge: Dodged            |    24 |    62 ||    86
Block: Kite shield       |    37 |   102 ||   139

Table legend:
 A = Non-vault XP
 B = Vault XP
 C = Vault XP percentage of total XP
 D = Non-vault monster count
 E = Vault monster count
 F = Vault count percentage of total count
                 A         B        C        D         E       F
            +---------+---------+-------+---------+---------+-------
      Total |     247 |      69 |  21.8 |      68 |      13 |  16.0
            +---------+---------+-------+---------+---------+-------
        D:1 |      55 |       0 |   0.0 |      27 |       0 |   0.0
        D:2 |     100 |       0 |   0.0 |      20 |       0 |   0.0
        D:3 |      92 |      69 |  42.9 |      21 |      13 |  38.2
            +---------+---------+-------+---------+---------+-------
